 Dungeon Crawl Stone Soup version 0.20.1-1-g8b1a95d66d (webtiles) character file.

158 NullDivider the Sneak (level 5, 0/34 HPs)
             Began as an Octopode Artificer on Dec 6, 2017.
             Slain by an orc priest
             ... wielding a +0 mace
              (8 damage)
             ... on level 3 of the Dungeon.
             The game lasted 00:09:29 (3215 turns).

NullDivider the Sneak (Octopode Artificer)          Turns: 3215, Time: 00:09:30

Health: 0/34       AC:  1    Str: 11    XL:     5   Next: 40%
Magic:  7/8        EV: 14    Int: 14    God:
Gold:   116        SH:  0    Dex: 13    Spells: 4/4 levels left

rFire    . . .     SeeInvis .   s - +0 dagger
rCold    . . .     Gourm    .   (no shield)
rNeg     . . .     Faith    .   (helmet restricted)
rPois    .         Spirit   .   (no amulet)
rElec    .         Reflect  .   (no ring)
rCorr    .         Harm     .   (no ring)
MR       .....                  (no ring)
Stlth    ++++......             (no ring)
Regen    0.2/turn               (no ring)
MPRegen  0.2/turn               (no ring)
                                (no ring)
                                (no ring)

@: no status effects
A: almost no armour, stealthy swim, amphibious, 8 rings, constrict 8, camouflage
1, gelatinous body 1
a: no special abilities


You were on level 3 of the Dungeon.
You were not hungry.

You visited 1 branch of the dungeon, and saw 3 of its levels.

You collected 116 gold pieces.

Inventory:

Hand Weapons
 s - a +0 dagger (weapon)
Jewellery
 e - an uncursed ring of poison resistance {unknown}
 u - a +3 ring of protection {unknown}
Wands
 b - a wand of flame (6/48)
 c - a wand of enslavement (14/24)
 d - a wand of random effects (15/48)
Scrolls
 a - a scroll of fog {unknown}
 i - a scroll of recharging {unknown}
 j - 2 scrolls of remove curse {unknown}
 k - 3 scrolls of identify {unknown}
 r - a scroll of fear {unknown}
Potions
 l - a potion of resistance {unknown}
 m - 2 potions of ambrosia {unknown}
 n - a potion of might {unknown}
 o - a potion of curing {unknown}
 p - 2 potions of degeneration {unknown}
 q - a potion of heal wounds {unknown}
Comestibles
 f - 4 bread rations
 g - a fruit
 h - 2 royal jellies
 t - 5 chunks of flesh


   Skills:
 + Level 2.0 Fighting
 + Level 2.0 Short Blades
 + Level 3.0 Dodging
 * Level 4.2 Stealth
 + Level 4.0 Evocations


You had 4 spell levels left.
You didn't know any spells.

Dungeon Overview and Level Annotations

Branches:
Dungeon (3/15)

Altars:
Trog


Innate Abilities, Weirdness & Mutations

You cannot wear most types of armour.
You are very stealthy in the water. (Stealth+)
You are amphibious.
You can wear up to eight rings at the same time.
You can use your tentacles to constrict eight enemies at once.
Your skin changes colour to match your surroundings (Stealth+).
Your rubbery body absorbs attacks. (AC +1, EV +1)


Message History

Your orc priest mumbles some strange prayers to Beogh against something.
Something hits your orc priest but does no damage.
Something completely misses your orc priest.
Your orc priest hits something but does no damage.
Something hits your orc priest but does no damage.
Something bites your orc priest but does no damage.
Your orc priest hits something with a mace.
Your Evocations skill increases to level 4!
You feel a bit more experienced.
Something bites your orc priest but does no damage.
You see here an orc corpse.
Your orc priest calls down the wrath of Beogh upon something.
You feel a bit more experienced. Really attack your orc priest?
You hit your orc priest but do no damage.
The orc priest is no longer charmed.
You grab the orc priest.
The orc priest is moderately wounded.
You constrict the orc priest, but do no damage.
The orc priest hits you with a mace!
You die...

#. #.# .# #. #.#
####.# #. #.# ..##.#
#. #.# #.##.# #. #.#
#.##.#### #.
#.####.##.#...
###.####.#.....#.#.##
#>..@†...............
#.#o####.#.#####.#.##
#). ...#.#####.#.##
...................
.#...#..#.###.###.##
#............#.# #.#
# .......###.#.# #.#
.. r.#.# #.#.# #.# .
#.###.#.# #.##


You could see an orc priest.

Vanquished Creatures
  A hound (D:3)
  4 adders
  2 oozes
  A worm (D:3)
  2 dart slugs
  3 orcs (D:3)
  2 ball pythons
  7 bats
  4 giant cockroaches
  6 goblins
  7 hobgoblins
  A jackal (D:3)
  2 quokkas (D:2)
  2 frilled lizards
  7 kobolds
  9 rats
60 creatures vanquished.

Vanquished Creatures (collateral kills)
  An orc wizard (D:3)
  An orc (D:3)
  A rat (D:3)
3 creatures vanquished.

Grand Total: 63 creatures vanquished

Notes
Turn   | Place    | Note
-------+----------+-------------------------------------------
     0 | D:1      | NullDivider the Octopode Artificer began the quest for the Orb.
     0 | D:1      | Reached XP level 1. HP: 13/13 MP: 3/3
   116 | D:1      | Reached XP level 2. HP: 18/18 MP: 4/4
   632 | D:1      | Reached XP level 3. HP: 17/23 MP: 5/5
  1316 | D:2      | Reached XP level 4. HP: 28/28 MP: 6/6
  2691 | D:3      | Found a bloodstained altar of Trog.
  2712 | D:3      | Found a faded altar of an unknown god.
  2851 | D:3      | Reached XP level 5. HP: 9/34 MP: 7/7
  3215 | D:3      | Slain by an orc priest

Skill      XL: |  1  2  3  4  5 |
---------------+----------------+-----
Stealth        | 2 3 4 |  4.2
Fighting       | 2 |  2.0
Short Blades   | 2 |  2.0
Dodging        | 3 |  3.0
Evocations     | 4 |  4.0

Action                   |  1- 3 |  4- 6 || total
-------------------------+-------+-------++-------
Melee: Short sword       |    59 |    15 ||    74
       Constrict         |    13 |    16 ||    29
       Tentacles         |     6 |    18 ||    24
       Dagger            |       |    51 ||    51
Evoke: Wand              |       |    10 ||    10
 Stab: Sleeping          |    17 |     8 ||    25
       Distracted        |       |     1 ||     1
  Eat: Chunk             |     1 |     6 ||     7
Armor: Skin              |     5 |     6 ||    11
Dodge: Dodged            |    33 |    33 ||    66
